 Dungeon Crawl Stone Soup version 0.25.1-2-g60ff931df9 (webtiles) character file.

Game seed: 13737423443000293360

35467 DogServant the Grappler (level 13, -6/108 HPs)
             Began as a Merfolk Transmuter on Oct 22, 2020.
             Was an Elder of Wu Jian.
             Mangled by a white ugly thing (19 damage)
             ... on level 11 of the Dungeon.
             The game lasted 00:52:14 (23057 turns).

DogServant the Grappler (Merfolk Transmuter)       Turns: 23057, Time: 00:52:15

Health: -6/108     AC: 15    Str: 15    XL:     13   Next: 84%
Magic:  14/18      EV: 16    Int: 13    God:    Wu Jian [****..]
Gold:   435        SH:  0    Dex: 12    Spells: 5/22 levels left

rFire    . . .     SeeInvis .     - Unarmed
rCold    . . .     Gourm    .   (no shield)
rNeg     . . .     Faith    .   j - +2 ring mail of Neofoere {MR+}
rPois    +         Spirit   .   k - +1 hat {MR+}
rElec    .         Reflect  .   O - scarf {+Inv}
rCorr    .         Harm     .   u - +0 pair of gloves
MR       ++...                  q - +0 pair of boots
Stlth    +.........             (no amulet)
HPRegen  0.00/turn              E - +4 ring of protection
MPRegen  0.16/turn              H - ring of poison resistance

@: heavenly storm, glowing
A: change form in water, swift swim, stealthy swim, blink, clumsy 1, low mp 1,
inhibited regeneration
a: Blink, Wall Jump, Serpent's Lash, Renounce Religion, Evoke Invisibility


You were on level 11 of the Dungeon.
You worshipped Wu Jian.
Wu Jian was greatly pleased with you.
You were hungry.

You visited 2 branches of the dungeon, and saw 16 of its levels.

You collected 838 gold pieces.
You spent 403 gold pieces at shops.

Inventory:

Missiles
 a - 151 arrows
 c - 51 poisoned darts (quivered)
Armour
 i - a +0 leather armour
 j - the +2 ring mail of Neofoere (worn) {MR+}
   (You bought it in a shop on level 10 of the Dungeon)

   It affects your resistance to hostile enchantments.
 k - a +1 hat of magic resistance (worn)
 q - a +0 pair of boots (worn)
 u - a +0 pair of gloves (worn)
 y - a +2 robe of magic resistance
 O - a scarf of invisibility (worn)
Jewellery
 t - an uncursed ring of ice
 A - an uncursed ring of flight
 B - an uncursed ring of stealth
 E - a +4 ring of protection (left hand)
 H - a ring of poison resistance (right hand)
Wands
 f - a wand of acid (8)
 l - a wand of polymorph (10)
 v - a wand of paralysis (10)
 F - a wand of digging (8)
 M - a wand of flame (17)
Scrolls
 b - 2 scrolls of blinking {unknown}
 e - 10 scrolls of remove curse
 g - a scroll of noise {unknown}
 h - 3 scrolls of magic mapping
 p - 4 scrolls of immolation
 s - 2 scrolls of fog {unknown}
 w - 3 scrolls of vulnerability {unknown}
 x - 6 scrolls of enchant weapon {unknown}
 I - 3 scrolls of identify
 J - a scroll of teleportation
 K - 7 scrolls of amnesia {unknown}
 N - 2 scrolls of torment {unknown}
Potions
 m - 2 potions of lignification
 n - 2 potions of invisibility
 o - 2 potions of brilliance
 r - a potion of flight
 z - 2 potions of magic
 C - 2 potions of ambrosia
 D - 3 potions of curing
 L - 2 potions of haste {unknown}
 P - 3 potions of stabbing {unknown}
Comestibles
 d - 16 rations
 G - 3 chunks of flesh


   Skills:
 - Level 12.0 Fighting
 + Level 5.8 Armour
 - Level 11.0 Dodging
 + Level 12.8 Unarmed Combat
 - Level 5.1 Spellcasting
 + Level 6.7 Charms
 - Level 11.7 Transmutations
 - Level 5.1 Evocations


You had 5 spell levels left.
You knew the following spells:

 Your Spells              Type           Power        Failure   Level  Hunger
a - Beastly Appendage     Tmut           ####..       1%          1    None
b - Sticks to Snakes      Tmut           ####....     1%          2    ##.....
c - Spider Form           Tmut/Pois      ###.......   9%          3    ###....
d - Ice Form              Ice/Tmut       ###.....     30%         4    ####...
e - Blade Hands           Tmut           ####......   8%          5    ######.
f - Swiftness             Chrm/Air       ##......     12%         2    ##.....

Your spell library contained the following spells:

 Spells                   Type           Power        Failure   Level  Hunger
 Sting                    Tmut/Pois      ###.         3%          1    None
 Ignite Poison            Fire/Tmut/Pois ##......     21%         3    ###....
 Ozocubu's Armour         Chrm/Ice       ##......     24%         3    ###....
 Freeze                   Ice            #...         32%         1    None
 Shock                    Conj/Air       #...         32%         1    None
 Summon Butterflies       Summ           #.......     32%         1    None
 Summon Small Mammal      Summ           #...         32%         1    None
 Call Imp                 Summ           #.......     45%         2    ##.....
 Poisonous Vapours        Pois/Air       #.....       45%         2    ##.....
 Call Canine Familiar     Summ           #.......     69%         3    ###....
 Conjure Flame            Conj/Fire      #.......     69%         3    ###....
 Frozen Ramparts          Ice            #.....       69%         3    ###....
 Mephitic Cloud           Conj/Pois/Air  #.......     69%         3    ###....
 Static Discharge         Conj/Air       #.......     69%         3    ###....
 Summon Guardian Golem    Hex/Summ       #.......     69%         3    ###....
 Airstrike                Air            #.........   97%         4    ####...
 Hailstorm                Conj/Ice       #.......     97%         4    ####...
 Olgreb's Toxic Radiance  Pois           #.......     97%         4    ####...
 Summon Ice Beast         Ice/Summ       #.......     97%         4    ####...
 Summon Lightning Spire   Summ/Air       #.......     97%         4    ####...
 Lightning Bolt           Conj/Air       #.........   100%        5    ######.
 Summon Mana Viper        Hex/Summ       #.......     100%        5    ######.
 Freezing Cloud           Conj/Ice/Air   #.........   100%        6    #######
 Ring of Flames           Chrm/Fire      ##........   100%        7    #######
 Summon Hydra             Summ           #.........   100%        7    #######


Dungeon Overview and Level Annotations

Branches:
Dungeon (11/15)            Temple (0/1) D:6            Lair (5/6) D:10
  Swamp (0/4) Lair:2       Spider (0/4) Lair:4        Slime (0/5) Lair:5
    Orc: D:9-12

Altars:
Cheibriados
Dithmenos
Fedhas
Hepliaklqana
Nemelex Xobeh
Okawaru
Qazlal
Trog
Uskayaw
Vehumet
Wu Jian
Xom

Shops:
D:7 !   D:10 [

Annotations:
D:3 2 runed translucent doors, Araneus's ghost, amateur DsFi
D:6 2 runed translucent doors, Crazy Yiuf; admiralandromeda's ghost, novice DrIE
Lair:1 1 exclusion
Lair:4 exclusion: 2 oklob plants


Innate Abilities, Weirdness & Mutations

You revert to your normal form in water.
You are very nimble and swift while swimming.
You are very stealthy in the water. (Stealth+)
You can translocate small distances at will.
You are clumsy. (Dex -2)
Your magical capacity is low. (-10% MP)
You do not regenerate when monsters are visible.


Message History

Things that are here:
an arrow; a troll corpse You slice the cyclops!!
You kill the cyclops!
The Council accepts your kill.
You hear a roar!
The centaur shoots an arrow.
The arrow barely misses you.
You hit the white ugly thing.
The white ugly thing is lightly wounded.
Your hands revert to their normal proportions.
Your +0 pair of gloves unmelds from your body.
You hear a shout!
The centaur shoots an arrow.
The arrow misses you.
You are feeling hungry.
You barely miss the white ugly thing.
The white ugly thing is lightly wounded.
The white ugly thing stings you!
* * * LOW HITPOINT WARNING * * *
The white ugly thing freezes you!!
You die...

###...#
#.#.....)...#..#.#.#. #.
...>..#
#.#.#.#.#.#.#)#.....#.#.
......#
#......[.......#c . ...
####..#
#.#.#.#.#.#.#.#..... .#.
#.#.........#..# #.#
#.#.#§#☼#§#.#.#.#
#.#..§§§c§..#.....
#.#####☼####### #.# #.#
#@# ... #. #u# .. #D#
D.' .#. #W p# '# #' . .


You could see a four-headed hydra, a white ugly thing and a centaur.

Vanquished Creatures
  Rupert (Lair:4)
  Gastronok (Lair:3)
  Harold (D:11)
  3 hydras
  Erica (D:8)
  A death yak (Lair:5)
  Nergalle (Lair:3)
  2 unseen horrors
  A fire crab (Lair:5)
  Pikel (D:4)
  A cyclops (D:11)
  An orb spider (Lair:4)
  6 elephants (Lair:5)
  2 black mambas (Lair:5)
  Psyche (D:8)
  6 spiny frogs
  A rime drake (Lair:5)
  6 komodo dragons
  A troll (D:11)
  6 polar bears
  2 hippogriffs (Lair:1)
  2 bog bodies (Lair:2)
  5 blink frogs (Lair:1)
  2 slime creatures (Lair:5)
  A meliai zombie (D:11)
  Sigmund (D:3)
  3 wyverns
  Eustachio (D:5)
  30 yaks
  A basilisk (Lair:3)
  A vampire (D:11)
  Grum (Lair:1)
  Menkaure (D:4)
  7 water moccasins
  Edmund (D:6)
  Duvessa (D:7)
  5 ice beasts
  5 porcupines
  A sky beast (D:9)
  5 orc warriors
  A black bear (Lair:2)
  An eye of draining (D:11)
  A phantom (D:8)
  2 necrophages
  3 ogres
  7 wolves
  2 centaurs
  7 crocodiles
  Blork the orc (D:6)
  3 big kobolds
  A wyvern zombie (D:8)
  16 bullfrogs
  Dowan (D:7)
  4 scorpions
  10 killer bees
  5 wights (D:9)
  3 howler monkeys (D:9)
  2 electric eels
  5 crimson imps
  A bullfrog zombie (D:6)
  3 quasits
  2 centaur zombies
  5 jellies
  4 orc priests
  6 hounds
  2 centaur skeletons
  10 orc wizards
  11 hell rats (Lair:4)
  Natasha (twice) (D:4)
  9 worker ants
  A hound zombie (D:5)
  3 hound skeletons
  2 worker ant zombies
  A howler monkey zombie (D:10)
  3 gnolls (D:8)
  14 adders
  A shadow imp (D:11)
  An adder zombie (D:7)
  2 adder skeletons
  2 worms
  4 dart slugs
  5 leopard geckos
  28 orcs
  5 giant cockroaches
  5 goblins
  7 hobgoblins
  2 jackals (D:2)
  12 kobolds
  A quokka (D:8)
  3 ball pythons
  10 bats
  4 frilled lizards
  A giant cockroach zombie (D:5)
  A jackal skeleton (D:5)
  2 leopard gecko skeletons
  5 rats
375 creatures vanquished.

Vanquished Creatures (collateral kills)
  A big kobold (D:8)
  A killer bee (D:8)
  An orc priest (D:7)
  An iguana (D:5)
  An orc (D:7)
  2 kobolds (D:8)
7 creatures vanquished.

Vanquished Creatures (others)
  An orc wizard (D:4)
  Natasha (D:4)
  An orc (D:4)
  3 fungi (D:7)
  4 plants (D:7)
  2 withered plants (D:6)
12 creatures vanquished.

Grand Total: 394 creatures vanquished

Notes
Turn   | Place    | Note
-------+----------+-------------------------------------------
     0 | D:1      | DogServant the Merfolk Transmuter began the quest for the
                  | Orb.
     0 | D:1      | Reached XP level 1. HP: 15/15 MP: 3/3
   242 | D:1      | Reached XP level 2. HP: 11/21 MP: 3/5
  1144 | D:1      | Learned a level 2 spell: Sticks to Snakes
  1398 | D:1      | Reached XP level 3. HP: 26/26 MP: 4/6
  1867 | D:2      | Found a hazy altar of Hepliaklqana.
  2249 | D:2      | Learned a level 3 spell: Spider Form
  2572 | D:2      | Reached XP level 4. HP: 25/33 MP: 5/7
  3043 | D:3      | Found a runed translucent door.
  3044 | D:3      | Noticed Araneus's ghost (amateur DsFi)
  3179 | D:3      | Noticed Sigmund
  3189 | D:3      | Killed Sigmund
  3189 | D:3      | Reached skill level 5 in Transmutations
  3189 | D:3      | Reached XP level 5. HP: 36/41 MP: 4/8
  3189 | D:3      | Reached XP level 6. HP: 42/47 MP: 4/9
  3397 | D:3      | Found a runed translucent door.
  3498 | D:3      | Reached skill level 5 in Unarmed Combat
  3799 | D:4      | Found a shimmering altar of Xom.
  3800 | D:4      | Found a shimmering altar of Xom.
  3800 | D:4      | Found a shimmering altar of Xom.
  3800 | D:4      | Found a shimmering altar of Xom.
  3802 | D:4      | Found a shimmering altar of Xom.
  3818 | D:4      | Found a shimmering altar of Xom.
  3818 | D:4      | Found a shimmering altar of Xom.
  3904 | D:4      | Noticed Menkaure
  4300 | D:4      | You fall into a shaft and drop 1 floor!
  4300 | D:5      | Entered Level 5 of the Dungeon
  4300 | D:5      | Found a blossoming altar of Fedhas.
  4325 | D:4      | Found a stormy altar of Qazlal.
  4328 | D:4      | Found a bloodstained altar of Trog.
  4330 | D:4      | Noticed a slave
  4447 | D:5      | Reached XP level 7. HP: 33/52 MP: 10/10
  4663 | D:5      | Noticed Eustachio
  4684 | D:5      | Killed Eustachio
  4896 | D:5      | Learned a level 4 spell: Ice Form
  4933 | D:5      | Noticed a +0 dagger
  4933 | D:5      | Noticed a +0 dagger
  4960 | D:5      | Found a hide-covered altar of Uskayaw.
  5317 | D:6      | Reached XP level 8. HP: 41/58 MP: 7/11
  5407 | D:6      | Noticed Blork the orc
  5414 | D:6      | Killed Blork the orc
  5480 | D:6      | Found an iron altar of Okawaru.
  5654 | D:6      | Found a runed translucent door.
  5655 | D:6      | Noticed admiralandromeda's ghost (novice DrIE)
  5661 | D:6      | Found an ornate altar of the Wu Jian Council.
  5760 | D:6      | Became a worshipper of the Wu Jian Council
  5903 | D:6      | Found a staircase to the Ecumenical Temple.
  6162 | D:6      | Found a runed translucent door.
  6163 | D:6      | Noticed Crazy Yiuf
  6230 | D:6      | Noticed Edmund
  6243 | D:6      | Killed Edmund
  6582 | D:7      | Found Yqerhueb's Distillery.
  6590 | D:7      | Bought a potion of mutation for 104 gold pieces
  6590 | D:7      | Bought a potion of heal wounds for 65 gold pieces
  6590 | D:7      | Gained mutation: Your body sometimes deteriorates upon
                  | taking damage. [potion of mutation]
  6590 | D:7      | Gained mutation: Your spells are a little harder to cast,
                  | but a little more powerful. [potion of mutation]
  6590 | D:7      | Gained mutation: Your mind is acute. (Int +2) [potion of
                  | mutation]
  6898 | D:7      | Noticed Dowan
  6899 | D:7      | Noticed Duvessa
  6907 | D:7      | Killed Duvessa
  6907 | D:7      | Reached skill level 5 in Dodging
  6909 | D:7      | Killed Dowan
  7251 | D:7      | Reached XP level 9. HP: 35/67 MP: 13/13
  7437 | D:7      | Reached skill level 5 in Fighting
  8398 | D:7      | Reached * piety under Wu Jian
  8538 | D:7      | Reached skill level 10 in Transmutations
  8642 | D:7      | Found the +7 Singing Sword {vorpal, sonic wave}
  8678 | D:8      | Noticed Erica
  8760 | D:4      | Found a snail-covered altar of Cheibriados.
  8761 | D:4      | Found a radiant altar of Vehumet.
  8761 | D:4      | Found a sparkling altar of Nemelex Xobeh.
  8761 | D:4      | Noticed Pikel
  8770 | D:4      | Found a shadowy altar of Dithmenos.
  8783 | D:4      | Killed Pikel
  8902 | D:4      | Noticed Natasha
  8903 | D:4      | Killed Menkaure
  8912 | D:4      | Killed Natasha
  9131 | D:4      | Noticed Natasha
  9134 | D:4      | Killed Natasha
  9283 | D:4      | Killed Natasha
  9310 | D:4      | Reached skill level 1 in Evocations
  9591 | D:8      | Reached XP level 10. HP: 43/76 MP: 8/14
 10241 | D:8      | Noticed Psyche
 10259 | D:8      | Learned a level 5 spell: Blade Hands
 10268 | D:8      | Reached ** piety under Wu Jian
 10355 | D:8      | Killed Psyche
 10459 | D:8      | Killed Erica
 11178 | D:9      | Found a stormy altar of Qazlal.
 11442 | D:9      | Killed an unseen horror
 11442 | D:9      | Reached skill level 10 in Unarmed Combat
 11442 | D:9      | Reached skill level 5 in Evocations
 11486 | D:9      | Lost mutation: Your body sometimes deteriorates upon taking
                  | damage. [potion of mutation]
 11486 | D:9      | Lost mutation: Your spells are a little harder to cast, but
                  | a little more powerful. [potion of mutation]
 11486 | D:9      | Lost mutation: Your mind is acute. (Int +2) [potion of
                  | mutation]
 11486 | D:9      | Gained mutation: Your magical capacity is low. (-10% MP)
                  | [potion of mutation]
 11486 | D:9      | Gained mutation: You do not regenerate when monsters are
                  | visible. [potion of mutation]
 11486 | D:9      | Gained mutation: You are clumsy. (Dex -2) [potion of
                  | mutation]
 11486 | D:9      | Gained mutation: You can translocate small distances at
                  | will. [potion of mutation]
 12188 | D:9      | Reached XP level 11. HP: 83/83 MP: 9/14
 12414 | D:10     | Entered Level 10 of the Dungeon
 12565 | D:10     | Found Giasiramn's Antique Armour Emporium.
 12597 | D:10     | Found a staircase to the Lair.
 12608 | Lair:1   | Entered Level 1 of the Lair of Beasts
 12827 | D:10     | Reached *** piety under Wu Jian
 14430 | D:11     | Noticed a two-headed ogre
 14687 | D:10     | Bought a scorched ring mail for 234 gold pieces
 14697 | D:10     | Identified the +2 ring mail of Neofoere {MR+} (You bought
                  | it in a shop on level 10 of the Dungeon)
 14791 | Lair:1   | Reached skill level 1 in Armour
 14791 | Lair:1   | Reached skill level 10 in Dodging
 15411 | Lair:1   | Noticed Grum
 15534 | Lair:1   | Killed Grum
 15534 | Lair:1   | Reached **** piety under Wu Jian
 16118 | Lair:1   | Reached XP level 12. HP: 83/92 MP: 9/14
 16521 | Lair:2   | Found a staircase to the Swamp.
 16723 | Lair:2   | Noticed a seven-headed hydra
 16726 | Lair:2   | Reached skill level 5 in Armour
 16774 | Lair:3   | HP: 4/94 [wolf (10)]
 17135 | Lair:3   | Got a scorched war axe
 17136 | Lair:3   | Identified the cursed +1 war axe "Lurghiaf" {protect, MR+}
                  | (You found it on level 3 of the Lair of Beasts)
 17505 | Lair:3   | Noticed Nergalle
 17513 | Lair:3   | Killed Nergalle
 17590 | Lair:3   | Noticed Gastronok
 17601 | Lair:3   | Killed Gastronok
 17601 | Lair:3   | Reached skill level 10 in Fighting
 17772 | Lair:3   | Noticed a six-headed hydra
 17778 | Lair:3   | Killed a seven-headed hydra
 19059 | Lair:4   | Learned a level 2 spell: Swiftness
 19066 | Lair:4   | Found a hole to the Spider Nest.
 19297 | Lair:4   | Reached skill level 1 in Charms
 19569 | Lair:4   | Noticed Rupert
 19586 | Lair:4   | Killed Rupert
 19586 | Lair:4   | Reached XP level 13. HP: 68/107 MP: 12/18
 20082 | Lair:5   | Reached skill level 5 in Spellcasting
 20127 | Lair:5   | Found a staircase to the Slime Pits.
 20680 | Lair:5   | Reached ***** piety under Wu Jian
 21093 | Lair:5   | Reached skill level 5 in Charms
 22882 | D:11     | Noticed Harold
 22894 | D:11     | Killed Harold
 23057 | D:11     | Mangled by a white ugly thing

Illustrated notes

Levels and vault maps discovered:
D:1:      psy_arrival_fountain, layout_basic
D:2:      layout_loops_ring, marbit_many_paths
D:3:      layout_basic, ebering_ghost_sewer_f, uniq_sigmund
D:4:      layout_loops_ring, nicolae_xom_altar_mimics,
          grunt_temple_overflow_open, first_ration, uniq_menkaure, uniq_natasha,
          uniq_pikel
D:5:      layout_cave_pools, dancing_weapons_uskayaw, fedhas_altar_1,
          uniq_eustachio
D:6:      layout_basic, kennysheep_mini_moat, lemuel_doored_altar,
          minmay_temple_entry_arrows, gammafunk_ghost_grave, uniq_edmund,
          uniq_blork_the_orc, uniq_crazy_yiuf_cottage
D:7:      old_forge, layout_loops_cross, serial_shops, shop, grunt_ogre_cave,
          grunt_ministairs_11, uniq_duvessa
D:8:      layout_basic, uniq_erica, uniq_psyche
D:9:      layout_small_grid, nicolae_qazlal_style_of_elements
D:10:     layout_basic, lair_entry_dummy, serial_shops, shop
D:11:     minmay_the_grid_4x2 [minmay_the_grid_doors, minmay_the_grid_x,
          minmay_the_grid_gridbox, minmay_the_grid_large_cup,
          minmay_the_grid_minigrid_small, minmay_the_grid_all_tris,
          minmay_the_grid_odd_star, minmay_the_grid_prize_four_corners],
          layout_long_grid, tso_altar, uniq_harold
Lair:1:   layout_small_grid, beast_lair_carwin_3, serial_bayou_shore_a,
          uniq_grum
Lair:2:   layout_chaotic_city, skrybe_swamp_entry_bodies,
          infiniplex_staircase_pool
Lair:3:   layout_misc_corridors, uniq_nergalle, uniq_gastronok
Lair:4:   layout_gridlike, nicolae_spider_entry_orb_guardian,
          beast_lair_carwin_8, grunt_megastairs_1, minmay_lair_oklob_chamber,
          uniq_rupert
Lair:5:   layout_long_grid, minmay_slime_entry_pillars, minmay_shattered_shrine

Skill      XL: |  1  2  3  4  5  6  7  8  9 10 11 12 13 |
---------------+----------------------------------------+-----
Dodging        | 3 5 7 8 10 11 | 11.0
Transmutations | 3 5 6 7 9 10 11 | 11.7
Unarmed Combat | 4 5 6 7 8 10 11 12 | 12.8
Fighting       | 3 4 6 8 11 12 | 12.0
Spellcasting   | 3 4 5 |  5.1
Evocations     | 2 5 |  5.1
Armour         | 4 5 |  5.8
Charms         | 2 6 |  6.7

Action                   |  1- 3 |  4- 6 |  7- 9 | 10-12 | 13-15 || total
-------------------------+-------+-------+-------+-------+-------++-------
Melee: Unarmed           |   106 |   116 |   299 |   560 |   229 ||  1310
       Headbutt          |     8 |    18 |    22 |    24 |     2 ||    74
       Punch             |     1 |     2 |     3 |    22 |    10 ||    38
       War axe           |       |       |       |    32 |       ||    32
 Cast: Beastly Appendage |    22 |    19 |    24 |    22 |     2 ||    89
       Sticks to Snakes  |     3 |     2 |    14 |       |       ||    19
       Spider Form       |       |     4 |    24 |     5 |       ||    33
       Ice Form          |       |       |     1 |     1 |     1 ||     3
       Blade Hands       |       |       |       |    55 |    20 ||    75
       Swiftness         |       |       |       |       |     2 ||     2
Invok: Lunge             |       |       |    23 |    54 |    19 ||    96
       Whirlwind         |       |       |       |    73 |    17 ||    90
       Serpent's Lash    |       |       |       |     4 |     4 ||     8
       Heavenly Storm    |       |       |       |       |     1 ||     1
 Abil: End Transformatio |       |       |     1 |     2 |       ||     3
       Wall Jump         |       |       |       |    18 |    11 ||    29
       Blink             |       |       |       |     4 |     6 ||    10
Evoke: Wand              |       |       |       |     4 |     3 ||     7
  Use: Scroll            |       |     4 |     5 |    10 |     2 ||    21
       Potion            |       |       |     3 |     3 |       ||     6
 Stab: Sleeping          |     1 |     1 |       |     6 |       ||     8
       Distracted        |       |       |     1 |       |       ||     1
  Eat: Chunk             |     3 |     7 |    17 |    33 |     9 ||    69
       Ration            |     1 |       |     1 |     6 |     3 ||    11
Armor: Robe              |    27 |    21 |    17 |    26 |       ||    91
       Skin              |       |       |    17 |     3 |       ||    20
       Ring mail         |       |       |       |    91 |    66 ||   157
Dodge: Dodged            |    72 |    78 |   243 |   402 |   137 ||   932
